[Event "52nd Biel Festival 2019"]
[Site "Biel"]
[Date "2019.07.24"]
[Round "3.1"]
[White "Georgiadis, Nico"]
[Black "Bogner, Sebastian"]
[Result "1/2-1/2"]
[ECO "E06"]
[WhiteElo "2514"]
[BlackElo "2584"]
[Annotator "TA"]
[PlyCount "74"]
[EventDate "2019.07.22"]
[EventType "tourn"]
[EventCountry "SUI"]
[SourceTitle "playchess.com"]
[Source "ChessBase"]
[SourceQuality "1"]
[TimeControl "40/6000+30:20/3000+30:900+30"]

1. d4 Nf6 2. c4 e6 3. g3 d5 4. Bg2 Be7 5. Nf3 O-O 6. Qc2 c5 7. dxc5 Qa5+ 8. Nc3 dxc4 9. O-O Nc6 10. Bg5 Qxc5 11. Bxf6 Bxf6 12. Ne4 Qe7 13. Nfd2 Bd7 14. Nxf6+ Qxf6 15. Ne4 Qe7 16. Qxc4 Rfd8 17. Rfd1 Be8 18. Qc5 Qxc5 19. Nxc5 b6 20. Ne4 Rxd1+ 21. Rxd1 Rd8 22. Rxd8 Nxd8 23. e3 Kf8 24. Nc3 Ke7 25. Kf1 f6 26. Ke2 Nf7 27. f4 Nd6 28. b3 Nb5 29. Nxb5 Bxb5+ 30. Kd2 Kd6 31. Kc3 e5 32. a3 h6 33. h4 Kc5 34. Be4 Kd6 35. Bg2 Kc5 36. Be4 Kd6 37. Bg2 Kc5 1/2-1/2

[Event "52nd Biel Festival 2019"]
[Site "Biel"]
[Date "2019.07.29"]
[Round "6.3"]
[White "Georgiadis, Nico"]
[Black "Maghsoodloo, Parham"]
[Result "1/2-1/2"]
[ECO "D85"]
[WhiteElo "2514"]
[BlackElo "2656"]
[Annotator "ChessBase"]
[PlyCount "98"]
[EventDate "2019.07.22"]
[EventType "tourn"]
[EventCountry "SUI"]
[SourceTitle "playchess.com"]
[Source "ChessBase"]
[SourceQuality "1"]
[TimeControl "40/6000+30:20/3000+30:900+30"]

1. d4 Nf6 2. c4 g6 3. Nc3 d5 4. cxd5 Nxd5 5. e4 Nxc3 6. bxc3 Bg7 7. Nf3 c5 8. Bb5+ Bd7 9. Bxd7+ Qxd7 10. O-O O-O 11. Be3 Rc8 12. Qe2 Qg4 13. Qd3 cxd4 14. cxd4 Nc6 15. Rab1 b6 16. Rfc1 Na5 17. h3 Qd7 18. d5 Rd8 19. Bf4 Rac8 20. Qa6 e6 21. dxe6 Qxe6 22. Qxa7 Nc4 23. Qb7 h6 24. a4 Bf8 25. Re1 g5 26. Bg3 Bc5 27. Rbd1 Nb2 28. Rxd8+ Rxd8 29. a5 Nd3 30. Ra1 g4 31. hxg4 Qxg4 32. Qc7 Rc8 33. Ne5 Qe6 34. Qd7 Nxf2 35. Bxf2 Bxf2+ 36. Kf1 Bg3 37. Qxe6 fxe6 38. Nd3 bxa5 39. Rxa5 Rc2 40. Ra3 h5 41. Rb3 Rd2 42. Nc5 h4 43. Nxe6 Rf2+ 44. Kg1 Re2 45. Rf3 Re1+ 46. Rf1 Bh2+ 47. Kf2 Bg3+ 48. Kg1 Bh2+ 49. Kf2 Bg3+ 1/2-1/2

[Event "52nd Biel Festival 2019"]
[Site "Biel"]
[Date "2019.07.30"]
[Round "7.1"]
[White "Abdusattorov, Nodirbek"]
[Black "Bogner, Sebastian"]
[Result "1/2-1/2"]
[ECO "B19"]
[WhiteElo "2598"]
[BlackElo "2584"]
[Annotator "ChessBase"]
[PlyCount "141"]
[EventDate "2019.07.22"]
[EventType "tourn"]
[EventCountry "SUI"]
[SourceTitle "playchess.com"]
[Source "ChessBase"]
[SourceQuality "1"]
[TimeControl "40/6000+30:20/3000+30:900+30"]

1. e4 c6 2. d4 d5 3. Nc3 dxe4 4. Nxe4 Bf5 5. Ng3 Bg6 6. h4 h6 7. Nf3 e6 8. h5 Bh7 9. Bd3 Bxd3 10. Qxd3 Nf6 11. Bd2 Be7 12. O-O-O c5 13. Ne4 cxd4 14. Nxd4 Nbd7 15. Nxf6+ Nxf6 16. Qb5+ Qd7 17. Qxd7+ Kxd7 18. Be3 Rhc8 19. Nb5+ Ke8 20. Bf4 Nd5 21. Rxd5 exd5 22. Nc7+ Rxc7 23. Bxc7 Bf6 24. Bf4 Kd7 25. Rd1 Ke6 26. Be3 a6 27. Rd3 b5 28. g4 Rc8 29. f3 Rc6 30. a3 Rc8 31. Rd1 Kd6 32. Re1 Kd7 33. c3 Rc4 34. Kc2 a5 35. Kd3 b4 36. axb4 axb4 37. Bd2 bxc3 38. bxc3 Ra4 39. Rb1 Be5 40. Rb4 Ra3 41. Rb7+ Kc6 42. Rxf7 d4 43. f4 dxc3 44. Bc1 Ra1 45. fxe5 Rxc1 46. Rxg7 Kd5 47. e6 Kxe6 48. Rg6+ Kf7 49. Rxh6 Rg1 50. Rg6 Rg3+ 51. Kc2 Rh3 52. Kb3 Rg3 53. g5 Rh3 54. Rf6+ Kg7 55. h6+ Kh7 56. Rf7+ Kh8 57. Kc2 Rg3 58. Rg7 Rh3 59. Rc7 Rg3 60. Rc8+ Kh7 61. Rc5 Kg6 62. Kb3 Kh7 63. Kc2 Kg6 64. Kd1 Rg1+ 65. Kc2 Rg3 66. Rd5 Kh7 67. Rd7+ Kh8 68. Rg7 Rh3 69. Kb3 c2+ 70. Kxc2 Rxh6 71. gxh6 1/2-1/2